AoeStats
← mypastselves

Arena

509134953Analyzed
4v4 RM · 6d ago on Sep 25, 2026· 30m 36s· 8 players
Game mode
Random Map
Map size
Large (8 player)
Population
200
Speed
Normal
Resources
Standard
Victory
Conquest
Starting age
Dark Age
Ending age
Imperial Age
RankedLock teamsTeams togetherTeam positionsShared explorationLock speedFull tech treeHidden civsTurbo modeCheats
Victory
Defeat
🇲🇽 Varangians · Mexico
755
+14
🇹🇷 Goths · Türkiye
744
+14
🇨🇱 Britons · Chile
720
+15
🇪🇨 Vikings · Ecuador
686
+17
🇨🇳 Britons · China
751
-16
🇨🇳 Celts · China
719
-16
🇵🇰 Cumans · Pakistan
691
-14
🇰🇷 Romans · South Korea
668
-14
Nick76Luo
10:05 Feudal Age
14:15 Castle Age
12:18 Double-Bit Axe
12:47 Horse Collar
15:47 Bow Saw
15:50 Heavy Plow
18:59 Town Watch
21:00 Stone Mining
21:00 Gold Mining
22:07 Fortified Wall
22:08 Masonry
23:12 Gold Shaft Mining
23:04 Fletching
tuck205
1:02 Loom
12:47 Feudal Age
14:54 Wheelbarrow
14:01 Horse Collar
14:10 Double-Bit Axe
19:13 Gold Mining
19:09 Man-at-Arms
23:11 Castle Age
-300
10:38 Feudal Age
11:05 Double-Bit Axe
12:48 Gold Mining
20:02 Castle Age
18:40 Stone Mining
19:46 Horse Collar
21:29 Bow Saw
21:21 Heavy Plow
23:39 Gold Shaft Mining
mypastselves
0:28 Loom
11:19 Feudal Age
15:26 Padded Archer Armor
15:21 Fletching
23:21 Castle Age
22:36 Horse Collar
22:44 Double-Bit Axe
22:50 Stone Mining
22:52 Gold Mining
24:12 Heavy Plow
24:27 Bow Saw
27:09 Gold Shaft Mining
pjanic1520
11:36 Feudal Age
15:37 Castle Age
14:41 Double-Bit Axe
14:38 Horse Collar
15:19 Gold Mining
16:12 Loom
21:23 Squires
30:38 Forging
Reisu
8:17 Loom
10:39 Feudal Age
13:11 Double-Bit Axe
16:51 Castle Age
15:39 Horse Collar
15:55 Gold Mining
18:18 Town Watch
27:58 Imperial Age
29:13 Conscription
29:14 Elite Varangian Guard
29:54 Squires
30:10 Forging
30:01 Scale Mail Armor
31:24 Gold Shaft Mining
31:07 Heavy Plow
31:24 Bow Saw
Kael
0:33 Loom
11:23 Feudal Age
17:55 Castle Age
15:54 Double-Bit Axe
19:20 Wheelbarrow
21:15 Stone Mining
21:47 Town Watch
28:34 Gold Mining
Javi Radical692
11:09 Feudal Age
12:05 Double-Bit Axe
12:05 Horse Collar
19:56 Castle Age
18:08 Stone Mining
21:06 Bow Saw
20:56 Gold Mining
20:34 Man-at-Arms
23:35 Heavy Plow
24:12 Wheelbarrow
24:23 Padded Archer Armor
24:14 Fletching
27:12 Gold Shaft Mining
26:52 Caravan
27:08 Town Watch
27:29 Scale Mail Armor
Connection lost

Rejoining the realm…

Still unreachable

The connection could not be restored.

Session expired

The server has moved on; the page needs a fresh start.